 Dungeon Crawl Stone Soup version 0.19-a0-49-gb8736b8 (webtiles) character file.

336 M4edhros the Insei (level 6, -20/36 HPs)
             Began as an Octopode Necromancer on May 6, 2016.
             Demolished by an ogre
             ... wielding a +0 giant spiked club
              (22 damage)
             ... on level 7 of the Dungeon.
             The game lasted 00:04:59 (1234 turns).

M4edhros the Insei (Octopode Necromancer)           Turns: 1234, Time: 00:04:59

Health: -20/36     AC:  1    Str:  7    XL:     6   Next: 54%
Magic:  9/9        EV: 12    Int: 17    God:
Gold:   47         SH:  0    Dex: 15    Spells: 3 memorised, 4 levels left

rFire  . . .     SeeInvis .     d - +0 dagger (venom)
rCold  . . .     Gourm    .     (no shield)
rNeg   . . .     Faith    .     (helmet restricted)
rPois  .         Spirit   .     (no amulet)
rElec  .         Dismiss  .     n - ring of stealth
rCorr  .         Reflect  .     (no ring)
SustAt .         Harm     .     (no ring)
MR     .....                    (no ring)
Stlth  ++++......               (no ring)
                                (no ring)
                                (no ring)
                                (no ring)

@: not resistant to hostile enchantments, stealthy
A: almost no armour, amphibious, 8 rings, constrict 8, camouflage 1, gelatinous
body 1
a: no special abilities


You were on level 7 of the Dungeon.
You were hungry.

You visited 1 branch of the dungeon, and saw 7 of its levels.

You collected 47 gold pieces.

Inventory:

Hand Weapons
 d - a +0 dagger of venom (weapon)
Jewellery
 n - a ring of stealth (left tentacle)
Wands
 l - a wand of random effects (40/48)
Scrolls
 f - 2 scrolls of recharging {unknown}
 g - 3 scrolls of remove curse {unknown}
 h - a scroll of blinking {unknown}
 m - 2 scrolls of identify {unknown}
 p - a scroll of magic mapping {unknown}
 q - 2 scrolls of enchant armour {unknown}
 r - a scroll of teleportation {unknown}
Potions
 e - 3 potions of heal wounds
 j - a potion of lignification {unknown}
 k - a potion of curing {unknown}
 o - 2 potions of flight {unknown}
Books
 a - a book of Necromancy

   Spells                             Type                      Level
   a - Pain                           Necromancy                   1
   b - Animate Skeleton               Necromancy                   1
   c - Vampiric Draining              Necromancy                   3
   d - Regeneration                   Charms/Necromancy            3
   e - Animate Dead                   Necromancy                   4
   f - Control Undead                 Necromancy                   4
Comestibles
 b - 3 bread rations
 c - a beef jerky
 i - a slice of pizza


   Skills:
 - Level 2.0 Dodging
 - Level 2.6 Stealth
 + Level 6.3 Unarmed Combat
 - Level 2.0 Spellcasting
 - Level 4.0 Necromancy


You had 4 spell levels left.
You knew the following spells:

 Your Spells              Type           Power        Failure   Level  Hunger
a - Pain                  Necr           ###.         3%          1    #......
b - Animate Skeleton      Necr           N/A          3%          1    #......
r - Regeneration          Chrm/Necr      #.........   24%         3    ###....


Dungeon Overview and Level Annotations

Branches:
Dungeon (7/15)
 Temple: D:4-7

Altars:
Gozag
Makhleb

Annotations:
D:3 Mefis's ghost, amateur DEWz
D:7 M4edhros's ghost, novice TrMo


Innate Abilities, Weirdness & Mutations

You cannot wear most types of armour.
You are amphibious.
You can wear up to eight rings at the same time.
You can use your tentacles to constrict eight enemies at once.
Your skin changes colour to match your surroundings (Stealth).
Your rubbery body absorbs attacks (AC +1).


Message History

There is a stone staircase leading up here.
Found a stone staircase leading down.
There is a stone staircase leading down here.
Found a scroll labeled GOBRETS FEONO.
A giant frog and a player ghost come into view.
The helpless giant frog fails to defend itself.
You puncture the giant frog!
The giant frog is poisoned.
M4edhros's ghost turns its malevolent gaze towards you.
Your grab misses the giant frog. Your squeeze misses the giant frog.
The giant frog is heavily wounded.
You hear a shout!
The giant frog misses you. The giant frog hits you!
An ogre comes into view. It is wielding a giant spiked club.
The giant frog hits you but does no damage.
M4edhros's ghost hits you!!
Ouch! That really hurt!
* * * LOW HITPOINT WARNING * * *
The ogre hits you with a giant spiked club!!
Ouch! That really hurt!
You die...

#.# ####.###
#####....... ######
#...#.#####. #....#
#.#.#.# #. #....#
#.#...# #. #....#
#.##### #<
...#..WF######.#####
##
..?.....@.....>....#
...#...O######.###.#
......... #...
..###.#### #.#.# .
#. #..... #. ##. #.#
#. ## .# .


You could see an ogre, a giant frog and M4edhros's ghost.

Vanquished Creatures
  A scorpion (D:6)
  A crimson imp (D:4)
  An orc priest (D:3)
  2 orc wizards
  Terence (D:3)
  A worker ant (D:6)
  A hound skeleton (D:4)
  4 adders
  An ooze (D:3)
  3 adder skeletons
  2 giant geckos
  7 orcs
  2 giant cockroaches
  8 goblins
  2 hobgoblins (D:3)
  5 jackals
  A quokka (D:6)
  3 bats (D:3)
  3 giant newts (D:3)
  A jackal skeleton (D:4)
  A kobold (D:3)
  2 rats (D:3)
53 creatures vanquished.

Notes
Turn   | Place    | Note
--------------------------------------------------------------
     0 | D:1      | M4edhros the Octopode Necromancer began the quest for the Orb.
     0 | D:1      | Reached XP level 1. HP: 11/11 MP: 3/3
   134 | D:1      | Reached skill level 1 in Unarmed Combat
   250 | D:2      | Reached XP level 2. HP: 17/17 MP: 5/5
   266 | D:3      | Noticed Terence
   276 | D:3      | Killed Terence
   276 | D:3      | Reached skill level 2 in Unarmed Combat
   276 | D:3      | Reached XP level 3. HP: 21/21 MP: 6/6
   303 | D:3      | Learned a level 1 spell: Animate Skeleton
   307 | D:3      | Learned a level 3 spell: Regeneration
   337 | D:3      | Reached skill level 3 in Unarmed Combat
   337 | D:3      | Reached XP level 4. HP: 24/27 MP: 2/7
   352 | D:3      | Reached skill level 4 in Unarmed Combat
   399 | D:3      | Found an opulent altar of Gozag.
   401 | D:3      | Found a burning altar of Makhleb.
   448 | D:3      | Noticed Mefis's ghost (amateur DEWz)
   592 | D:3      | Reached XP level 5. HP: 25/31 MP: 8/8
   760 | D:3      | You fall through a shaft for 2 floors!
   760 | D:5      | Entered Level 5 of the Dungeon
   819 | D:4      | Reached skill level 5 in Unarmed Combat
   929 | D:4      | Reached XP level 6. HP: 35/36 MP: 1/9
  1067 | D:6      | Reached skill level 6 in Unarmed Combat
  1163 | D:6      | Noticed a phantom
  1226 | D:7      | Noticed M4edhros's ghost (novice TrMo)
  1233 | D:7      | HP: 1/36 [M4edhros's ghost (24)]
  1234 | D:7      | Demolished by an ogre

Vault maps used:
D:1:      wheals_arrival_linesprint, minmay_misc_feat_tower, st_stairs_12
D:2:      serial_bayou, serial_bayou_lagoon_a, serial_bayou_shore_b,
          serial_bayou_shore_b, serial_bayou_pond_b
D:3:      nicolae_overflow_hidden_temple, first_bread, minmay_ruptured,
          uniq_terence
D:4:      hangedman_decor_peaks_small
D:5:      temple_green, grunt_qazlal_sundering
D:6:      grunt_dithmenos_shadows, uniq_grinder, uniq_sigmund
D:7:      uniq_prince_ribbit1

Skill      XL: |  1  2  3  4  5  6 |
---------------+-------------------+-----
Unarmed Combat | 1 2 3 4 5 6 |  6.3
Dodging        | |  2.0
Stealth        | |  2.6
Spellcasting   | |  2.0
Necromancy     | |  4.0

Action                   |  1- 3 |  4- 6 || total
-------------------------+-------+-------++-------
Melee: Dagger            |    20 |   100 ||   120
       Constrict         |     8 |    27 ||    35
       Tentacles         |     2 |    25 ||    27
       Punch             |       |     8 ||     8
 Cast: Pain              |     2 |       ||     2
       Regeneration      |     2 |    13 ||    15
       Animate Skeleton  |       |     3 ||     3
  Use: Potion            |     2 |     1 ||     3
 Stab: Sleeping          |       |    12 ||    12
  Eat: Chunk             |       |     4 ||     4
Armor: Skin              |     1 |     6 ||     7
Dodge: Dodged            |     9 |    47 ||    56
